| Goals | Penalties |
No Goal
|
Pierre-Luc Dubois (UTA) for Hooking (Minor) at 6:23
|
1. Canucks , Kyle Connor 9 (Auston Matthews 23) at 8:16
2. Canucks , MacKenzie Weegar 7 (Mikko Rantanen 17, Joey Daccord) at 14:29 (PP)
|
Dylan DeMelo (UTA) for Interference (Minor) at 3:51 Kiefer Sherwood (UTA) for Roughing (Double Minor) at 10:39
|
3. Canucks , Auston Matthews 14 (Kyle Connor 17, Thomas Chabot 8) at 7:40 (PP)
|
Noah Cates (VAN) for Holding (Minor) at 3:04 Charlie McAvoy (UTA) for High sticking (Minor) at 7:25 Pierre-Luc Dubois (UTA) for Tripping (Minor) at 8:41 Auston Matthews (VAN) for Roughing (Minor) at 17:47
|
|
Adin Hill (UTA), 27 saves from 30 shots - (0.900), L, 15-7-2, 60:00 minutes
Joey Daccord (VAN), 21 saves from 21 shots - (1.000), W, 14-6-2, 60:00 minutes
|
|
1 - Joey Daccord (VAN)
2 - Kyle Connor (VAN)
3 - Auston Matthews (VAN)
|
Referees : Gord Dwyer and Pierre Lambert
Linesman : Brian Mach and Brendan Lewis
|
|
| No Game Note
|
|
Level 1 -- Attendance: 5312 (88.53%) -- Ticket Income $871,168
Level 2 -- Attendance: 4956 (99.12%) -- Ticket Income $569,940
Level 3 -- Attendance: 3587 (89.68%) -- Ticket Income $322,830
Level 4 -- Attendance: 2660 (88.67%) -- Ticket Income $167,580
Luxury Box -- Attendance: 1000 (100.00%) -- Ticket Income $253,000
Game was played at the GM Place.
Total Attendance: 17515 (92.18%)
Total Ticket Income: $2,184,518
Other Income: $109,226
Total Income: $2,293,744
|
| Team Name |
Goals |
Shots |
Shots Attemp |
Shots Blocked |
PIM |
HIT |
PP |
PK |
FO% |
| Mammoth |
0 | 21 | 45 | 6 | 12 | 17 | 0 / 2 (0%) | 2 | 49% |
| Canucks |
3 | 30 | 53 | 8 | 4 | 18 | 2 / 6 (33%) | 0 | 51% |
Mammoth
Canucks
Mammoth
| 5 vs 5 Forward |
|---|
| Line # | Left Wing | Center | Right Wing | PHY | DF | OF | Wanted % | Time % | Time Play |
| 1 | Adam Henrique | Pierre-Luc Dubois | Nikita Kucherov | 1 | 2 | 2 | 40 | 34% | 15:27
|
| 2 | Kirill Kaprizov | Leon Draisaitl | Kiefer Sherwood | 1 | 2 | 2 | 30 | 25% | 11:36
|
| 3 | Conor Garland | Frederick Gaudreau | Ryan Donato | 1 | 2 | 2 | 20 | 23% | 10:36
|
| 4 | Connor Brown | Radek Faksa | Mattias Janmark | 1 | 2 | 2 | 10 | 18% | 8:21
|
| 5 vs 5 Defense |
|---|
| Line # | Defense | Defense | | PHY | DF | OF | Wanted % | Time % | Time Play |
| 1 | Dylan DeMelo | Hampus Lindholm | | 1 | 2 | 2 | 40 | 34% | 15:28
|
| 2 | Charlie McAvoy | Travis Hamonic | | 1 | 2 | 2 | 30 | 32% | 14:30
|
| 3 | Sean Durzi | Cam York | | 1 | 2 | 2 | 20 | 30% | 13:40
|
| 4 | Charlie McAvoy | Hampus Lindholm | | 1 | 2 | 2 | 10 | 5% | 2:22
|
| Power Play Forward |
|---|
| Line # | Left Wing | Center | Right Wing | PHY | DF | OF | Wanted % | Time % | Time Play |
| 1 | Kirill Kaprizov | Leon Draisaitl | Nikita Kucherov | 1 | 2 | 2 | 50 | 47% | 1:52
|
| 2 | Conor Garland | Pierre-Luc Dubois | Ryan Donato | 1 | 2 | 2 | 50 | 53% | 2:06
|
| Power Play Defense |
|---|
| Line # | Defense | Defense | | PHY | DF | OF | Wanted % | Time % | Time Play |
| 1 | Dylan DeMelo | Hampus Lindholm | | 1 | 2 | 2 | 60 | 53% | 2:06
|
| 2 | Charlie McAvoy | Travis Hamonic | | 1 | 2 | 2 | 40 | 47% | 1:52
|
| Penalty Kill 4 Players Forward |
|---|
| Line # | Center | Wing | PHY | DF | OF | Wanted % | Time % | Time Play |
| 1 | Leon Draisaitl | Adam Henrique | 1 | 3 | 1 | 60 | 67% | 6:46
|
| 2 | Pierre-Luc Dubois | Frederick Gaudreau | 1 | 3 | 1 | 40 | 33% | 3:16
|
| Penalty Kill 4 Players Defense |
|---|
| Line # | Defense | Defense | PHY | DF | OF | Wanted % | Time % | Time Play |
| 1 | Charlie McAvoy | Hampus Lindholm | 1 | 3 | 1 | 60 | 52% | 5:13
|
| 2 | Dylan DeMelo | Travis Hamonic | 1 | 3 | 1 | 40 | 48% | 4:49
|
| Penalty Kill 3 Players |
|---|
| Line # | Wing | PHY | DF | OF | Wanted % | Time % | Time Play | Defense | Defense | PHY | DF | OF | Wanted % | Time % | Time Play |
| 1 | Pierre-Luc Dubois | 1 | 3 | 1 | 60 | 0% | 0:00
| Charlie McAvoy | Hampus Lindholm | 1 | 3 | 1 | 60 | 0% | 0:00
|
| 2 | Adam Henrique | 1 | 3 | 1 | 40 | 0% | 0:00
| Dylan DeMelo | Travis Hamonic | 1 | 3 | 1 | 40 | 0% | 0:00
|
| 4 vs 4 Forward |
|---|
| Line # | Center | Wing | PHY | DF | OF | Wanted % | Time % | Time Play |
| 1 | Leon Draisaitl | Nikita Kucherov | 1 | 2 | 2 | 60 | 0% | 0:00
|
| 2 | Pierre-Luc Dubois | Kirill Kaprizov | 1 | 2 | 2 | 40 | 0% | 0:00
|
| 4 vs 4 Defense |
|---|
| Line # | Defense | | PHY | DF | OF | Wanted % | Time % | Time Play |
| 1 | Charlie McAvoy | Hampus Lindholm | 1 | 2 | 2 | 60 | 0% | 0:00
|
| 2 | Dylan DeMelo | Travis Hamonic | 1 | 2 | 2 | 40 | 0% | 0:00
|
| Last Minutes Offensive |
|---|
| Left Wing | Center | Right Wing | Defense | Defense |
| Kirill Kaprizov | Leon Draisaitl | Nikita Kucherov | Charlie McAvoy | Hampus Lindholm |
| Last Minutes Defensive |
|---|
| Left Wing | Center | Right Wing | Defense | Defense |
| Frederick Gaudreau | Leon Draisaitl | Kiefer Sherwood | Charlie McAvoy | Hampus Lindholm |
| Time |
|---|
| Total Forward | Total Defense | Last Minutes Offensive | Last Minutes Defensive |
| 60:00 |
60:00 |
0:00 | 0:00 |
| Extra Forwards |
|---|
| Normal | PowerPlay | Penalty Kill |
|
Leon Draisaitl, Pierre-Luc Dubois, Nikita Kucherov | Nikita Kucherov, Kirill Kaprizov | Frederick Gaudreau |
| Extra Defensemen |
|---|
| Normal | PowerPlay | Penalty Kill |
|
Charlie McAvoy, Hampus Lindholm, Dylan DeMelo | Charlie McAvoy, Hampus Lindholm | Dylan DeMelo |
| Penalty Shots |
|---|
|
Nikita Kucherov, Leon Draisaitl, Kirill Kaprizov, Ryan Donato, Pierre-Luc Dubois |
| Goalie |
|---|
| Adin Hill, Alex Lyon |
| Custom OT Lines Forwards |
|---|
|
Nikita Kucherov, Leon Draisaitl, Kirill Kaprizov, Pierre-Luc Dubois, Conor Garland, Ryan Donato, Adam Henrique, Frederick Gaudreau, Kiefer Sherwood, Connor Brown |
| Custom OT Lines Defensemen |
|---|
|
Charlie McAvoy, Hampus Lindholm, Dylan DeMelo, Travis Hamonic, Sean Durzi |
| Scratches |
|---|
|
Mark Jankowski (Healthy), Filip Chytil (Healthy) |
Canucks
| 5 vs 5 Forward |
|---|
| Line # | Left Wing | Center | Right Wing | PHY | DF | OF | Wanted % | Time % | Time Play |
| 1 | Mikko Rantanen | Nico Hischier | Teuvo Teravainen | 0 | 2 | 3 | 37 | 30% | 13:36
|
| 2 | Kyle Connor | Auston Matthews | Dmitri Voronkov | 0 | 2 | 3 | 37 | 31% | 14:06
|
| 3 | Gustav Nyquist | Noah Cates | Taylor Raddysh | 1 | 2 | 2 | 16 | 25% | 11:34
|
| 4 | Logan O'Connor | Parker Kelly | Mitchell Chaffee | 0 | 4 | 1 | 10 | 15% | 6:44
|
| 5 vs 5 Defense |
|---|
| Line # | Defense | Defense | | PHY | DF | OF | Wanted % | Time % | Time Play |
| 1 | MacKenzie Weegar | Thomas Chabot | | 0 | 3 | 2 | 40 | 37% | 16:53
|
| 2 | Kris Letang | Jake Middleton | | 0 | 3 | 2 | 35 | 34% | 15:36
|
| 3 | Spencer Stastney | Lucas Carlsson | | 0 | 3 | 2 | 25 | 29% | 13:31
|
| 4 | MacKenzie Weegar | Thomas Chabot | | 0 | 3 | 2 | 0 | 0% | 0:00
|
| Power Play Forward |
|---|
| Line # | Left Wing | Center | Right Wing | PHY | DF | OF | Wanted % | Time % | Time Play |
| 1 | Kyle Connor | Auston Matthews | Mikko Rantanen | 0 | 0 | 5 | 70 | 56% | 5:36
|
| 2 | Teuvo Teravainen | Nico Hischier | Dmitri Voronkov | 0 | 0 | 5 | 30 | 44% | 4:26
|
| Power Play Defense |
|---|
| Line # | Defense | Defense | | PHY | DF | OF | Wanted % | Time % | Time Play |
| 1 | MacKenzie Weegar | Kris Letang | | 0 | 1 | 4 | 65 | 50% | 5:02
|
| 2 | Thomas Chabot | Lucas Carlsson | | 0 | 1 | 4 | 35 | 50% | 5:00
|
| Penalty Kill 4 Players Forward |
|---|
| Line # | Center | Wing | PHY | DF | OF | Wanted % | Time % | Time Play |
| 1 | Parker Kelly | Logan O'Connor | 0 | 5 | 0 | 70 | 100% | 3:58
|
| 2 | Nico Hischier | Noah Cates | 0 | 4 | 1 | 30 | 0% | 0:00
|
| Penalty Kill 4 Players Defense |
|---|
| Line # | Defense | Defense | PHY | DF | OF | Wanted % | Time % | Time Play |
| 1 | MacKenzie Weegar | Jake Middleton | 0 | 4 | 1 | 65 | 45% | 1:47
|
| 2 | Kris Letang | Thomas Chabot | 0 | 4 | 1 | 35 | 55% | 2:11
|
| Penalty Kill 3 Players |
|---|
| Line # | Wing | PHY | DF | OF | Wanted % | Time % | Time Play | Defense | Defense | PHY | DF | OF | Wanted % | Time % | Time Play |
| 1 | Parker Kelly | 0 | 5 | 0 | 60 | 0% | 0:00
| MacKenzie Weegar | Jake Middleton | 0 | 5 | 0 | 60 | 0% | 0:00
|
| 2 | Logan O'Connor | 0 | 5 | 0 | 40 | 0% | 0:00
| Kris Letang | Thomas Chabot | 0 | 5 | 0 | 40 | 0% | 0:00
|
| 4 vs 4 Forward |
|---|
| Line # | Center | Wing | PHY | DF | OF | Wanted % | Time % | Time Play |
| 1 | Auston Matthews | Teuvo Teravainen | 0 | 1 | 4 | 60 | 0% | 0:00
|
| 2 | Mikko Rantanen | Kyle Connor | 0 | 1 | 4 | 40 | 0% | 0:00
|
| 4 vs 4 Defense |
|---|
| Line # | Defense | | PHY | DF | OF | Wanted % | Time % | Time Play |
| 1 | MacKenzie Weegar | Thomas Chabot | 0 | 4 | 1 | 60 | 0% | 0:00
|
| 2 | Jake Middleton | Kris Letang | 0 | 4 | 1 | 40 | 0% | 0:00
|
| Last Minutes Offensive |
|---|
| Left Wing | Center | Right Wing | Defense | Defense |
| Kyle Connor | Auston Matthews | Teuvo Teravainen | Kris Letang | MacKenzie Weegar |
| Last Minutes Defensive |
|---|
| Left Wing | Center | Right Wing | Defense | Defense |
| Parker Kelly | Nico Hischier | Logan O'Connor | MacKenzie Weegar | Jake Middleton |
| Time |
|---|
| Total Forward | Total Defense | Last Minutes Offensive | Last Minutes Defensive |
| 60:00 |
60:00 |
0:00 | 0:00 |
| Extra Forwards |
|---|
| Normal | PowerPlay | Penalty Kill |
|
Auston Matthews, Kyle Connor, Mikko Rantanen | Dmitri Voronkov, Mikko Rantanen | Logan O'Connor |
| Extra Defensemen |
|---|
| Normal | PowerPlay | Penalty Kill |
|
MacKenzie Weegar, Thomas Chabot, Jake Middleton | Kris Letang, MacKenzie Weegar | Jake Middleton |
| Penalty Shots |
|---|
|
Teuvo Teravainen, Kyle Connor, Mikko Rantanen, Auston Matthews, Kris Letang |
| Goalie |
|---|
| Joey Daccord, Jet Greaves |
| Custom OT Lines Forwards |
|---|
|
Auston Matthews, Mikko Rantanen, Nico Hischier, Kyle Connor, Noah Cates, Teuvo Teravainen, Logan O'Connor, Dmitri Voronkov, Gustav Nyquist, Parker Kelly |
| Custom OT Lines Defensemen |
|---|
|
MacKenzie Weegar, Thomas Chabot, Kris Letang, Jake Middleton, Lucas Carlsson |
| Scratches |
|---|
|
Alex Steeves (Healthy), Cayden Primeau (Healthy) |
Play-by-Play
1st period
0:01 of 1st period - Mikko Rantanen wins face-off versus Pierre-Luc Dubois in neutral zone.
0:09 of 1st period - Icing by Nikita Kucherov.
0:10 of 1st period - Auston Matthews wins face-off versus Pierre-Luc Dubois in Mammoth zone.
0:13 of 1st period - Shot by Kyle Connor.
0:13 of 1st period - Stopped by Adin Hill with a rebound.
0:29 of 1st period - Shot by Kyle Connor.
0:29 of 1st period - Stopped by Adin Hill without a rebound.
0:30 of 1st period - Noah Cates wins face-off versus Leon Draisaitl in Mammoth zone.
0:39 of 1st period - Shot by Noah Cates.
0:39 of 1st period - Stopped by Adin Hill without a rebound.
0:40 of 1st period - Nico Hischier wins face-off versus Frederick Gaudreau in Mammoth zone.
1:00 of 1st period - Shot by Ryan Donato.
1:00 of 1st period - Shot Misses the Net.
1:37 of 1st period - Icing by Travis Hamonic.
1:38 of 1st period - Leon Draisaitl wins face-off versus Auston Matthews in Mammoth zone.
2:14 of 1st period - Dmitri Voronkov is hit by Travis Hamonic.
2:33 of 1st period - Off-side.
2:34 of 1st period - Noah Cates wins face-off versus Pierre-Luc Dubois in neutral zone.
2:34 of 1st period - Gustav Nyquist is hit by Adam Henrique and loses puck.
2:38 of 1st period - Taylor Raddysh is hit by Dylan DeMelo and loses puck.
2:59 of 1st period - Adam Henrique is hit by Lucas Carlsson and loses puck.
3:12 of 1st period - Dylan DeMelo is hit by Noah Cates and loses puck.
4:52 of 1st period - Shot by Frederick Gaudreau.
4:52 of 1st period - Shot Misses the Net.
4:54 of 1st period - Shot by Ryan Donato.
4:54 of 1st period - Stopped by Joey Daccord without a rebound.
4:55 of 1st period - Auston Matthews wins face-off versus Leon Draisaitl in Canucks zone.
5:32 of 1st period - Shot by Kyle Connor.
5:32 of 1st period - Shot Misses the Net.
6:14 of 1st period - Gustav Nyquist is hit by Charlie McAvoy.
6:23 of 1st period - Minor Penalty to Pierre-Luc Dubois for Hooking.
6:24 of 1st period - Auston Matthews wins face-off versus Leon Draisaitl in Mammoth zone.
6:38 of 1st period - Icing by Mikko Rantanen.
6:39 of 1st period - Auston Matthews wins face-off versus Leon Draisaitl in Canucks zone.
8:06 of 1st period - Icing by Teuvo Teravainen.
8:07 of 1st period - Nico Hischier wins face-off versus Leon Draisaitl in Canucks zone.
8:40 of 1st period - Shot by Noah Cates.
8:40 of 1st period - Shot Misses the Net.
8:42 of 1st period - Shot by Kris Letang.
8:42 of 1st period - Stopped by Adin Hill without a rebound.
8:43 of 1st period - Pierre-Luc Dubois wins face-off versus Parker Kelly in Mammoth zone.
8:43 of 1st period - Pierre-Luc Dubois is hit by Mitchell Chaffee.
9:10 of 1st period - Icing by Pierre-Luc Dubois.
9:11 of 1st period - Adam Henrique wins face-off versus Taylor Raddysh in Mammoth zone.
9:45 of 1st period - Off-side.
9:46 of 1st period - Leon Draisaitl wins face-off versus Nico Hischier in neutral zone.
9:46 of 1st period - Leon Draisaitl is hit by Mikko Rantanen.
9:49 of 1st period - Kirill Kaprizov is hit by Lucas Carlsson and loses puck.
10:34 of 1st period - Icing by Hampus Lindholm.
10:35 of 1st period - Auston Matthews wins face-off versus Leon Draisaitl in Mammoth zone.
11:00 of 1st period - Shot by MacKenzie Weegar.
11:00 of 1st period - Stopped by Adin Hill without a rebound.
11:01 of 1st period - Frederick Gaudreau wins face-off versus Parker Kelly in Mammoth zone.
11:01 of 1st period - Charlie McAvoy is hit by Logan O'Connor and loses puck.
11:12 of 1st period - Shot by Logan O'Connor.
11:12 of 1st period - Shot Misses the Net.
12:01 of 1st period - Off-side.
12:02 of 1st period - Pierre-Luc Dubois wins face-off versus Auston Matthews in neutral zone.
12:07 of 1st period - Shot by Nikita Kucherov.
12:07 of 1st period - Shot Misses the Net.
13:09 of 1st period - Icing by Hampus Lindholm.
13:10 of 1st period - Radek Faksa wins face-off versus Gustav Nyquist in Mammoth zone.
13:10 of 1st period - Radek Faksa is hit by Kris Letang.
13:30 of 1st period - Shot by Radek Faksa.
13:30 of 1st period - Stopped by Joey Daccord with a rebound.
14:49 of 1st period - Shot by Adam Henrique.
14:49 of 1st period - Stopped by Joey Daccord without a rebound.
14:50 of 1st period - Auston Matthews wins face-off versus Leon Draisaitl in Canucks zone.
15:11 of 1st period - Shot by Kyle Connor.
15:11 of 1st period - Stopped by Adin Hill without a rebound.
15:12 of 1st period - Parker Kelly wins face-off versus Connor Brown in Mammoth zone.
15:44 of 1st period - Icing by Connor Brown.
15:45 of 1st period - Mattias Janmark wins face-off versus Nico Hischier in Mammoth zone.
15:45 of 1st period - Mattias Janmark is hit by Mikko Rantanen.
15:48 of 1st period - Icing by Connor Brown.
15:49 of 1st period - Nico Hischier wins face-off versus Radek Faksa in Mammoth zone.
16:49 of 1st period - Mikko Rantanen is hit by Pierre-Luc Dubois and loses puck.
16:56 of 1st period - Hampus Lindholm is hit by Mikko Rantanen and loses puck.
17:14 of 1st period - Icing by MacKenzie Weegar.
17:15 of 1st period - Leon Draisaitl wins face-off versus Auston Matthews in Canucks zone.
17:18 of 1st period - Shot by Leon Draisaitl.
17:18 of 1st period - Shot Misses the Net.
17:20 of 1st period - Shot by Travis Hamonic.
17:20 of 1st period - Stopped by Joey Daccord without a rebound.
17:21 of 1st period - Leon Draisaitl wins face-off versus Auston Matthews in Canucks zone.
17:42 of 1st period - Shot by Dmitri Voronkov.
17:42 of 1st period - Stopped by Adin Hill without a rebound.
17:43 of 1st period - Frederick Gaudreau wins face-off versus Noah Cates in Mammoth zone.
18:32 of 1st period - Shot by Kiefer Sherwood.
18:32 of 1st period - Stopped by Joey Daccord without a rebound.
18:33 of 1st period - Pierre-Luc Dubois wins face-off versus Auston Matthews in Canucks zone.
18:39 of 1st period - Icing by MacKenzie Weegar.
18:40 of 1st period - Pierre-Luc Dubois wins face-off versus Kyle Connor in Canucks zone.
18:47 of 1st period - Off-side.
18:48 of 1st period - Auston Matthews wins face-off versus Pierre-Luc Dubois in neutral zone.
19:02 of 1st period - Shot by Auston Matthews.
19:02 of 1st period - Stopped by Adin Hill without a rebound.
19:03 of 1st period - Kirill Kaprizov wins face-off versus Nico Hischier in Mammoth zone.
19:03 of 1st period - Kirill Kaprizov is hit by Nico Hischier.
19:06 of 1st period - Icing by Leon Draisaitl.
19:07 of 1st period - Leon Draisaitl wins face-off versus Nico Hischier in Mammoth zone.
19:18 of 1st period - Shot by Kirill Kaprizov.
19:18 of 1st period - Stopped by Joey Daccord without a rebound.
19:19 of 1st period - Auston Matthews wins face-off versus Pierre-Luc Dubois in Canucks zone.
19:19 of 1st period - Kyle Connor is hit by Pierre-Luc Dubois and loses puck.
19:33 of 1st period - Shot by Auston Matthews.
19:33 of 1st period - Stopped by Adin Hill without a rebound.
19:34 of 1st period - Nico Hischier wins face-off versus Kirill Kaprizov in Mammoth zone.
19:37 of 1st period - Shot by Nico Hischier.
19:37 of 1st period - Shot Misses the Net.
Goals for this period are 0 for Mammoth vs 0 for Canucks.
Shots for this period are 6 for Mammoth vs 9 for Canucks.
2nd period
0:01 of 2nd period - Auston Matthews wins face-off versus Pierre-Luc Dubois in neutral zone.
0:08 of 2nd period - Shot by Auston Matthews.
0:08 of 2nd period - Deflect By Kyle Connor.
0:08 of 2nd period - Shot Misses the Net.
0:10 of 2nd period - Shot by MacKenzie Weegar.
0:10 of 2nd period - Shot Blocked by Adam Henrique.
0:43 of 2nd period - Kyle Connor is hit by Pierre-Luc Dubois and loses puck.
1:28 of 2nd period - Shot by Mikko Rantanen.
1:28 of 2nd period - Deflect By Nico Hischier.
1:28 of 2nd period - Shot Misses the Net.
2:06 of 2nd period - Shot by Conor Garland.
2:06 of 2nd period - Shot Misses the Net.
2:42 of 2nd period - Shot by Noah Cates.
2:42 of 2nd period - Shot Blocked by Travis Hamonic.
2:44 of 2nd period - Shot by Noah Cates.
2:44 of 2nd period - Shot Misses the Net.
2:57 of 2nd period - Noah Cates is hit by Travis Hamonic and loses puck.
3:23 of 2nd period - Shot by Kris Letang.
3:23 of 2nd period - Stopped by Adin Hill without a rebound.
3:24 of 2nd period - Nico Hischier wins face-off versus Pierre-Luc Dubois in Mammoth zone.
3:24 of 2nd period - Nico Hischier is hit by Dylan DeMelo.
3:43 of 2nd period - Mikko Rantanen is hit by Dylan DeMelo and loses puck.
3:51 of 2nd period - Minor Penalty to Dylan DeMelo for Interference.
3:52 of 2nd period - Auston Matthews wins face-off versus Leon Draisaitl in Mammoth zone.
4:25 of 2nd period - Shot by MacKenzie Weegar.
4:25 of 2nd period - Stopped by Adin Hill with a rebound.
5:56 of 2nd period - Shot by Kyle Connor.
5:56 of 2nd period - Stopped by Adin Hill with a rebound.
7:41 of 2nd period - Shot by Dmitri Voronkov.
7:41 of 2nd period - Stopped by Adin Hill without a rebound.
7:42 of 2nd period - Leon Draisaitl wins face-off versus Nico Hischier in Mammoth zone.
7:53 of 2nd period - Shot by Kirill Kaprizov.
7:53 of 2nd period - Shot Misses the Net.
8:03 of 2nd period - Shot by Kirill Kaprizov.
8:03 of 2nd period - Stopped by Joey Daccord without a rebound.
8:04 of 2nd period - Radek Faksa wins face-off versus Auston Matthews in Canucks zone.
8:08 of 2nd period - Icing by Jake Middleton.
8:09 of 2nd period - Auston Matthews wins face-off versus Radek Faksa in Canucks zone.
8:16 of 2nd period - Shot by Kyle Connor.
8:16 of 2nd period - Goal by Kyle Connor - Mammoth : 0 - Canucks : 1.
8:17 of 2nd period - Pierre-Luc Dubois wins face-off versus Auston Matthews in neutral zone.
8:19 of 2nd period - Off-side.
8:20 of 2nd period - Pierre-Luc Dubois wins face-off versus Auston Matthews in neutral zone.
9:21 of 2nd period - Shot by Leon Draisaitl.
9:21 of 2nd period - Shot Blocked by Thomas Chabot.
9:35 of 2nd period - Icing by MacKenzie Weegar.
9:36 of 2nd period - Auston Matthews wins face-off versus Frederick Gaudreau in Canucks zone.
10:20 of 2nd period - Off-side.
10:21 of 2nd period - Leon Draisaitl wins face-off versus Noah Cates in neutral zone.
10:39 of 2nd period - Double Minor Penalty to Kiefer Sherwood for Roughing.
10:40 of 2nd period - Nico Hischier wins face-off versus Leon Draisaitl in Mammoth zone.
10:47 of 2nd period - Shot by Nico Hischier.
10:47 of 2nd period - Stopped by Adin Hill without a rebound.
10:48 of 2nd period - Auston Matthews wins face-off versus Leon Draisaitl in Mammoth zone.
11:12 of 2nd period - Shot by MacKenzie Weegar.
11:12 of 2nd period - Shot Blocked by Hampus Lindholm.
11:40 of 2nd period - Shot by Nico Hischier.
11:40 of 2nd period - Shot Blocked by Travis Hamonic.
11:48 of 2nd period - Shot by Teuvo Teravainen.
11:48 of 2nd period - Shot Misses the Net.
11:50 of 2nd period - Shot by Nico Hischier.
11:50 of 2nd period - Deflect By Dmitri Voronkov.
11:50 of 2nd period - Shot Misses the Net.
12:18 of 2nd period - Shot by Auston Matthews.
12:18 of 2nd period - Stopped by Adin Hill with a rebound.
12:28 of 2nd period - Shot by Jake Middleton.
12:28 of 2nd period - Shot Misses the Net.
12:33 of 2nd period - Off-side.
12:34 of 2nd period - Nico Hischier wins face-off versus Mattias Janmark in neutral zone.
12:54 of 2nd period - Off-side.
12:55 of 2nd period - Nico Hischier wins face-off versus Pierre-Luc Dubois in neutral zone.
13:06 of 2nd period - Shot by Pierre-Luc Dubois.
13:06 of 2nd period - Stopped by Joey Daccord without a rebound.
13:07 of 2nd period - Leon Draisaitl wins face-off versus Auston Matthews in Canucks zone.
13:29 of 2nd period - Shot by Auston Matthews.
13:29 of 2nd period - Shot Misses the Net.
13:31 of 2nd period - Shot by Auston Matthews.
13:31 of 2nd period - Stopped by Adin Hill with a rebound.
13:33 of 2nd period - Shot by Kris Letang.
13:33 of 2nd period - Stopped by Adin Hill with a rebound.
13:35 of 2nd period - Shot by Kris Letang.
13:35 of 2nd period - Shot Misses the Net.
14:29 of 2nd period - Shot by MacKenzie Weegar.
14:29 of 2nd period - Goal by MacKenzie Weegar - Mammoth : 0 - Canucks : 2.
14:30 of 2nd period - Noah Cates wins face-off versus Radek Faksa in neutral zone.
14:37 of 2nd period - Shot by Gustav Nyquist.
14:37 of 2nd period - Stopped by Adin Hill without a rebound.
14:38 of 2nd period - Radek Faksa wins face-off versus Parker Kelly in Mammoth zone.
14:38 of 2nd period - Radek Faksa is hit by Parker Kelly.
14:43 of 2nd period - Connor Brown is hit by Logan O'Connor and loses puck.
15:15 of 2nd period - Shot by Mattias Janmark.
15:15 of 2nd period - Shot Blocked by Logan O'Connor.
15:48 of 2nd period - Shot by Nico Hischier.
15:48 of 2nd period - Shot Blocked by Radek Faksa.
16:30 of 2nd period - Shot by Kyle Connor.
16:30 of 2nd period - Shot Misses the Net.
17:25 of 2nd period - Shot by Kirill Kaprizov.
17:25 of 2nd period - Shot Blocked by MacKenzie Weegar.
17:27 of 2nd period - Shot by Leon Draisaitl.
17:27 of 2nd period - Stopped by Joey Daccord without a rebound.
17:28 of 2nd period - Leon Draisaitl wins face-off versus Parker Kelly in Canucks zone.
17:29 of 2nd period - Shot by Kirill Kaprizov.
17:29 of 2nd period - Shot Misses the Net.
17:31 of 2nd period - Shot by Charlie McAvoy.
17:31 of 2nd period - Shot Blocked by Jake Middleton.
17:33 of 2nd period - Shot by Charlie McAvoy.
17:33 of 2nd period - Stopped by Joey Daccord with a rebound.
17:47 of 2nd period - Shot by Kris Letang.
17:47 of 2nd period - Stopped by Adin Hill without a rebound.
17:48 of 2nd period - Nico Hischier wins face-off versus Frederick Gaudreau in Mammoth zone.
18:01 of 2nd period - Shot by Conor Garland.
18:01 of 2nd period - Stopped by Joey Daccord with a rebound.
18:07 of 2nd period - Shot by Ryan Donato.
18:07 of 2nd period - Stopped by Joey Daccord without a rebound.
18:08 of 2nd period - Leon Draisaitl wins face-off versus Auston Matthews in Canucks zone.
18:21 of 2nd period - Shot by Kirill Kaprizov.
18:21 of 2nd period - Stopped by Joey Daccord without a rebound.
18:22 of 2nd period - Nico Hischier wins face-off versus Pierre-Luc Dubois in Canucks zone.
18:29 of 2nd period - Shot by Mikko Rantanen.
18:29 of 2nd period - Shot Misses the Net.
Goals for this period are 0 for Mammoth vs 2 for Canucks.
Shots for this period are 7 for Mammoth vs 12 for Canucks.
3rd period
0:01 of 3rd period - Pierre-Luc Dubois wins face-off versus Nico Hischier in neutral zone.
0:14 of 3rd period - Shot by Nikita Kucherov.
0:14 of 3rd period - Shot Blocked by Nico Hischier.
0:21 of 3rd period - Icing by Teuvo Teravainen.
0:22 of 3rd period - Kiefer Sherwood wins face-off versus Nico Hischier in Canucks zone.
0:52 of 3rd period - Icing by Teuvo Teravainen.
0:53 of 3rd period - Nico Hischier wins face-off versus Adam Henrique in Canucks zone.
0:53 of 3rd period - Nico Hischier is hit by Nikita Kucherov.
1:50 of 3rd period - Icing by MacKenzie Weegar.
1:51 of 3rd period - Auston Matthews wins face-off versus Leon Draisaitl in Canucks zone.
1:53 of 3rd period - Dmitri Voronkov is hit by Kiefer Sherwood and loses puck.
2:21 of 3rd period - Auston Matthews is hit by Charlie McAvoy.
2:38 of 3rd period - Spencer Stastney is hit by Kiefer Sherwood and loses puck.
3:04 of 3rd period - Minor Penalty to Noah Cates for Holding.
3:05 of 3rd period - Pierre-Luc Dubois wins face-off versus Parker Kelly in Canucks zone.
3:28 of 3rd period - Shot by Hampus Lindholm.
3:28 of 3rd period - Shot Blocked by Jake Middleton.
4:37 of 3rd period - Hampus Lindholm is hit by Mikko Rantanen and loses puck.
5:00 of 3rd period - Shot by Conor Garland.
5:00 of 3rd period - Shot Misses the Net.
5:36 of 3rd period - Off-side.
5:37 of 3rd period - Nikita Kucherov wins face-off versus Parker Kelly in neutral zone.
5:39 of 3rd period - Hampus Lindholm is hit by Jake Middleton and loses puck.
5:53 of 3rd period - Shot by Pierre-Luc Dubois.
5:53 of 3rd period - Shot Misses the Net.
6:05 of 3rd period - Shot by Adam Henrique.
6:05 of 3rd period - Stopped by Joey Daccord without a rebound.
6:06 of 3rd period - Nico Hischier wins face-off versus Leon Draisaitl in Canucks zone.
6:15 of 3rd period - Shot by Mikko Rantanen.
6:15 of 3rd period - Stopped by Adin Hill without a rebound.
6:16 of 3rd period - Radek Faksa wins face-off versus Noah Cates in Mammoth zone.
6:34 of 3rd period - Shot by Connor Brown.
6:34 of 3rd period - Stopped by Joey Daccord without a rebound.
6:35 of 3rd period - Nico Hischier wins face-off versus Kirill Kaprizov in Canucks zone.
6:43 of 3rd period - Off-side.
6:44 of 3rd period - Frederick Gaudreau wins face-off versus Auston Matthews in neutral zone.
6:46 of 3rd period - Conor Garland is hit by Thomas Chabot.
6:50 of 3rd period - Shot by Frederick Gaudreau.
6:50 of 3rd period - Shot Misses the Net.
6:56 of 3rd period - Shot by Conor Garland.
6:56 of 3rd period - Shot Misses the Net.
6:58 of 3rd period - Shot by Hampus Lindholm.
6:58 of 3rd period - Stopped by Joey Daccord with a rebound.
7:00 of 3rd period - Shot by Dylan DeMelo.
7:00 of 3rd period - Stopped by Joey Daccord without a rebound.
7:01 of 3rd period - Nico Hischier wins face-off versus Pierre-Luc Dubois in Canucks zone.
7:03 of 3rd period - Kris Letang is hit by Adam Henrique and loses puck.
7:12 of 3rd period - Charlie McAvoy is hit by Teuvo Teravainen and loses puck.
7:25 of 3rd period - Shot by Mikko Rantanen.
7:25 of 3rd period - Stopped by Adin Hill without a rebound.
7:25 of 3rd period - Minor Penalty to Charlie McAvoy for High sticking.
7:26 of 3rd period - Leon Draisaitl wins face-off versus Auston Matthews in Mammoth zone.
7:40 of 3rd period - Shot by Auston Matthews.
7:40 of 3rd period - Goal by Auston Matthews - Mammoth : 0 - Canucks : 3.
7:41 of 3rd period - Frederick Gaudreau wins face-off versus Noah Cates in neutral zone.
8:41 of 3rd period - Minor Penalty to Pierre-Luc Dubois for Tripping.
8:42 of 3rd period - Auston Matthews wins face-off versus Leon Draisaitl in Mammoth zone.
9:19 of 3rd period - Shot by Thomas Chabot.
9:19 of 3rd period - Stopped by Adin Hill with a rebound.
9:21 of 3rd period - Shot by Auston Matthews.
9:21 of 3rd period - Stopped by Adin Hill without a rebound.
9:22 of 3rd period - Nico Hischier wins face-off versus Leon Draisaitl in Mammoth zone.
10:31 of 3rd period - Shot by Kyle Connor.
10:31 of 3rd period - Shot Misses the Net.
10:53 of 3rd period - Shot by Parker Kelly.
10:53 of 3rd period - Stopped by Adin Hill without a rebound.
10:54 of 3rd period - Frederick Gaudreau wins face-off versus Noah Cates in Mammoth zone.
11:22 of 3rd period - Shot by Conor Garland.
11:22 of 3rd period - Shot Misses the Net.
11:30 of 3rd period - Icing by Sean Durzi.
11:31 of 3rd period - Frederick Gaudreau wins face-off versus Nico Hischier in Mammoth zone.
12:43 of 3rd period - Shot by Auston Matthews.
12:43 of 3rd period - Shot Misses the Net.
12:51 of 3rd period - Shot by Mattias Janmark.
12:51 of 3rd period - Deflect By Radek Faksa.
12:51 of 3rd period - Shot Misses the Net.
12:53 of 3rd period - Shot by Hampus Lindholm.
12:53 of 3rd period - Stopped by Joey Daccord with a rebound.
13:01 of 3rd period - Shot by Mattias Janmark.
13:01 of 3rd period - Shot Blocked by Jake Middleton.
13:03 of 3rd period - Shot by Radek Faksa.
13:03 of 3rd period - Stopped by Joey Daccord without a rebound.
13:04 of 3rd period - Pierre-Luc Dubois wins face-off versus Parker Kelly in Canucks zone.
13:04 of 3rd period - Pierre-Luc Dubois is hit by Lucas Carlsson.
13:26 of 3rd period - Shot by Logan O'Connor.
13:26 of 3rd period - Shot Misses the Net.
13:34 of 3rd period - Icing by Travis Hamonic.
13:35 of 3rd period - Nico Hischier wins face-off versus Pierre-Luc Dubois in Mammoth zone.
13:41 of 3rd period - Nico Hischier is hit by Charlie McAvoy and loses puck.
13:54 of 3rd period - Shot by Nico Hischier.
13:54 of 3rd period - Stopped by Adin Hill without a rebound.
13:55 of 3rd period - Auston Matthews wins face-off versus Leon Draisaitl in Mammoth zone.
14:58 of 3rd period - Shot by Nico Hischier.
14:58 of 3rd period - Shot Blocked by Leon Draisaitl.
15:14 of 3rd period - Shot by Nico Hischier.
15:14 of 3rd period - Stopped by Adin Hill without a rebound.
15:15 of 3rd period - Noah Cates wins face-off versus Pierre-Luc Dubois in Mammoth zone.
15:44 of 3rd period - Shot by Nikita Kucherov.
15:44 of 3rd period - Shot Blocked by Lucas Carlsson.
16:29 of 3rd period - Shot by Conor Garland.
16:29 of 3rd period - Shot Misses the Net.
16:47 of 3rd period - Shot by Sean Durzi.
16:47 of 3rd period - Shot Misses the Net.
16:52 of 3rd period - Off-side.
16:53 of 3rd period - Auston Matthews wins face-off versus Radek Faksa in neutral zone.
17:02 of 3rd period - Shot by Auston Matthews.
17:02 of 3rd period - Stopped by Adin Hill with a rebound.
17:09 of 3rd period - Mattias Janmark is hit by Dmitri Voronkov and loses puck.
17:40 of 3rd period - Icing by Thomas Chabot.
17:41 of 3rd period - Leon Draisaitl wins face-off versus Auston Matthews in Canucks zone.
17:47 of 3rd period - Minor Penalty to Auston Matthews for Roughing.
17:48 of 3rd period - Leon Draisaitl wins face-off versus Parker Kelly in Canucks zone.
17:49 of 3rd period - Shot by Nikita Kucherov.
17:49 of 3rd period - Shot Misses the Net.
18:11 of 3rd period - Shot by Leon Draisaitl.
18:11 of 3rd period - Deflect By Kirill Kaprizov.
18:11 of 3rd period - Stopped by Joey Daccord without a rebound.
18:12 of 3rd period - Pierre-Luc Dubois wins face-off versus Parker Kelly in Canucks zone.
19:10 of 3rd period - Dmitri Voronkov is hit by Kirill Kaprizov and loses puck.
19:31 of 3rd period - Shot by Kirill Kaprizov.
19:31 of 3rd period - Stopped by Joey Daccord without a rebound.
19:32 of 3rd period - Dmitri Voronkov wins face-off versus Pierre-Luc Dubois in Canucks zone.
Goals for this period are 0 for Mammoth vs 1 for Canucks.
Shots for this period are 8 for Mammoth vs 9 for Canucks.